 Dungeon Crawl Stone Soup version 0.29.1-1-gd02db6906a (webtiles) character file.

Game seed: 6730488139292538910

2 MisterFreud the Ducker (level 1, -1/10 HPs)
             Began as a Felid Berserker on Oct 11, 2022.
             Was a Follower of Trog.
             Killed from afar by a dart slug (4 damage)
             ... with a slug dart
             ... on level 1 of the Dungeon.
             The game lasted 00:00:12 (55 turns).

MisterFreud the Ducker (Felid Berserker)              Turns: 55, Time: 00:00:12

Health: -1/10      AC:  1    Str: 13    XL:     1   Next: 25%
Magic:  2/2        EV: 18    Int:  8    God:    Trog [*.....]
Gold:   11         SH:  0    Dex: 15    Spells: 0/0 levels left
                                        Lives:  0   Deaths: 0

rFire   . . .      SeeInvis +     - Unarmed
rCold   . . .      Faith    .   (shield unavailable)
rNeg    . . .      Spirit   .   (body armour unavailable)
rPois   .          Reflect  .   (helmet unavailable)
rElec   .          Harm     .   (cloak unavailable)
rCorr   .          Rampage  .   (gloves unavailable)
Will    .....                   (boots unavailable)
Stlth   ++........              (no amulet)
HPRegen 0.03/turn               (no ring)
MPRegen 0.08/turn               (no ring)

@: quick
A: very small, claws 1, fangs 3, see invisible, speed 1, shaggy fur 1, stealthy
paws, no weapons or thrown items, no armour, multi-lived
a: Renounce Religion, Berserk


You were on level 1 of the Dungeon.
You worshipped Trog.
Trog was aware of your devotion.
You visited 1 branch of the dungeon, and saw 1 of its levels.

You collected 11 gold pieces.

You aren't carrying anything.


   Skills:
 - Level 3.0 Fighting
 - Level 4.0 Dodging
 + Level 0.6 Stealth
 + Level 3.0 Unarmed Combat


You couldn't memorise any spells.
You didn't know any spells.
Your spell library was empty.

Dungeon Overview and Level Annotations

Branches:
Dungeon (1/15)

Altars:


Innate Abilities, Weirdness & Mutations

You have sharp claws.
You have razor-sharp teeth.
You have supernaturally acute eyesight. (SInv)
You cover ground quickly. (Speed+)
You are covered in fur. (AC +1)
Your paws help you pounce on unaware monsters.
You are incapable of wielding weapons or throwing items.
You cannot wear armour.
You gain extra lives every three experience levels.


Message History

You closely miss the ball python. The ball python bites you.
The ball python closely misses you.
There are monsters nearby!
You scratch the ball python.
You kill the ball python!
Trog accepts your kill.
A dart slug comes into view.
There are monsters nearby!
You scratch the goblin.
The goblin is moderately wounded.
The goblin misses you.
There are monsters nearby!
You closely miss the goblin.
The goblin is moderately wounded.
The goblin hits you with a +1 dagger of electrocution.
The dart slug launches a dart at you. The slug dart misses you.
There are monsters nearby!
You are too injured to fight recklessly!
There are monsters nearby!
You are too injured to fight recklessly!
There are monsters nearby!
You miss the goblin.
The goblin is moderately wounded.
You claw the goblin!
You kill the goblin!
Trog accepts your kill. The dart slug launches a dart at you.
The slug dart misses you. The dart slug closely misses you.
The dart slug closely misses you.
You scratch the dart slug. You claw the dart slug. You bite the dart slug.
The dart slug is heavily wounded.
The dart slug bites you.
* * * LOW HITPOINT WARNING * * *
You scratch the dart slug. You bite the dart slug.
The dart slug is almost dead.
The dart slug launches a dart at you. The slug dart hits you.
You die...

### #..P...#.... ..#
#..P.♣.#.... #.#
#..P...##'##
#.####......#....
#.#.........'..##
##.#.##......#..#. #
##....##..P...##'#.
#####.#.w.).##..P.♣.#..#.
........@...##..P.).#..#.
...##.#.....##..P...#.<#.
.$......###..PPPP#####
......###.# #....... .
##..... #... ... . #####.
#.### ### ## ##


You could see a dart slug.

Vanquished Creatures
  A goblin (D:1)
  A ball python (D:1)
2 creatures vanquished.

Notes
Turn   | Place    | Note
-------+----------+-------------------------------------------
     0 | D:1      | MisterFreud the Felid Berserker began the quest for the
                  | Orb.
     0 | D:1      | Reached XP level 1. HP: 10/10 MP: 2/2
    55 | D:1      | Killed from afar by a dart slug

Illustrated notes

Levels and vault maps discovered:
D:1:      evilmike_arrival_home_sweet_home, layout_loops_ring,
          basic_ecumenical_altar

Action                   || total
-------------------------++-------
Melee: Unarmed           ||     8
       Bite              ||     2
       Punch             ||     1
Dodge: Dodged            ||     7
